 Dungeon Crawl Stone Soup version 0.18-a0-1197-g8004e50 (webtiles) character file.

86 Shaidar413 the Ruffian (level 4, -5/45 HPs)
             Began as a Troll Berserker on Jan 31, 2016.
             Was a Believer of Trog.
             Slain by Grinder (6 damage)
             ... while paralysed by Grinder
             ... on level 4 of the Dungeon.
             The game lasted 00:05:13 (1801 turns).

Shaidar413 the Ruffian (Troll Berserker)            Turns: 1801, Time: 00:05:14

Health: -5/45      AC:  5    Str: 26    XL:     4   Next: 27%
Magic:  3/3        EV:  1    Int:  3    God:    Trog [**....]
Gold:   87         SH:  0    Dex:  9    Spells: 0 memorised, 3 levels left

rFire  . . .     SeeInvis .       - Unarmed
rCold  . . .     Gourm    +     a - +0 animal skin
rNeg   . . .     Faith    .     (no shield)
rPois  .         Spirit   .     (helmet restricted)
rElec  .         Dismiss  .     (no cloak)
rCorr  .         Reflect  .     (gloves unavailable)
SustAt .         Harm     .     (boots unavailable)
MR     .....                    (no amulet)
Stlth  +.........               (no ring)
                                (no ring)

@: paralysed, exhausted, slowed, not resistant to hostile enchantments, very
unstealthy
A: unfitting armour, claws 3, fast metabolism 3, gourmand, regeneration 2,
shaggy fur 1, tough skin 2
a: Berserk, Trog's Hand, Burn Spellbooks, Renounce Religion


You were on level 4 of the Dungeon.
You worshipped Trog.
Trog was pleased with you.
You were not hungry.

You visited 1 branch of the dungeon, and saw 3 of its levels.

You collected 87 gold pieces.

Inventory:

Armour
 a - a +0 animal skin (worn)
Jewellery
 l - an uncursed ring of fire
 q - an uncursed amulet of faith
Scrolls
 c - 2 scrolls of remove curse
Potions
 d - 3 potions of might {unknown}
 e - a potion of cancellation {unknown}
 f - a potion of flight {unknown}
 h - a potion of curing {unknown}
 k - a potion of brilliance {unknown}
 o - a potion of heal wounds
Comestibles
 b - 5 bread rations
 g - a beef jerky
 j - 2 meat rations


   Skills:
 + Level 3.2 Fighting
 + Level 3.2 Dodging
 + Level 0.3 Stealth
 + Level 3.4 Unarmed Combat


You had 3 spell levels left.
You didn't know any spells.

Dungeon Overview and Level Annotations

Branches:
Dungeon (2/15)

Altars:
Makhleb
Qazlal
Ru
Yredelemnul

Annotations:
D:4 Grinder


Innate Abilities, Weirdness & Mutations

You are too large for most types of armour.
You have claws for hands.
Your metabolism is lightning-fast.
You like to eat raw meat.
You heal very quickly.
You are covered in fur (AC +1).
You have very tough skin (AC +2).


Message History

You writhe in agony.
* * * LOW HITPOINT WARNING * * *
Drink which item? (? for menu, Esc to quit)
It was a potion of heal wounds.
You feel much better. Grinder hits you. Grinder barely misses you.
You scratch Grinder.
Grinder is almost dead.
Grinder closely misses you.
You scratch Grinder.
Grinder is almost dead.
You hear the slow rusting of a distant drain.
Grinder gestures at you.
You suddenly lose the ability to move!
Grinder hits you!
* * * LOW HITPOINT WARNING * * *
You writhe in agony.
* * * LOW HITPOINT WARNING * * *
Grinder hits you.
* * * LOW HITPOINT WARNING * * *
You writhe in agony.
You die...

#####.#####.....#
#.# #.# #.....#
#.# #.# ######'##
#.# #.# #......##
#.#
#.......###.###
#..
+.............+
## #.....#.###.##
#######..##.###
#...@5....#
#.##.##.#.# #.
#..# # # ##.# #.#
#...# ##..# ..#
.>.


You could see Grinder.

Vanquished Creatures
  A worker ant (D:4)
  3 adders
  A worm (D:2)
  A giant gecko (D:2)
  7 bats
  2 giant cockroaches (D:1)
  7 goblins
  2 hobgoblins (D:1)
  A giant newt (D:1)
  5 kobolds
  3 rats
33 creatures vanquished.

Notes
Turn   | Place    | Note
--------------------------------------------------------------
     0 | D:1      | Shaidar413 the Troll Berserker began the quest for the Orb.
     0 | D:1      | Reached XP level 1. HP: 22/22 MP: 0/0
   216 | D:1      | Reached XP level 2. HP: 27/29 MP: 1/1
  1153 | D:2      | Found a sacrificial altar of Ru.
  1200 | D:2      | Reached XP level 3. HP: 33/36 MP: 2/2
  1265 | D:2      | Reached ** piety under Trog
  1519 | D:2      | Found a burning altar of Makhleb.
  1547 | D:2      | Found a stormy altar of Qazlal.
  1554 | D:2      | Found a basalt altar of Yredelemnul.
  1557 | D:2      | Found a sacrificial altar of Ru.
  1652 | D:2      | You fall through a shaft for 2 floors!
  1701 | D:4      | Reached XP level 4. HP: 45/45 MP: 3/3
  1781 | D:4      | Noticed Grinder
  1800 | D:4      | Paralysed by Grinder for 6 turns
  1800 | D:4      | HP: 2/45 [Grinder (5)]
  1801 | D:4      | Slain by Grinder

Vault maps used:
D:1:      dpeg_arrival_chambers_temple_mockup
D:2:      bloody_makhleb, grunt_temple_overflow_diamond,
          nicolae_ru_sacrificial_ziggurat
D:4:      first_bread, gup_sewer_entry_spiral, uniq_grinder, uniq_duvessa

Action                   |  1- 3 |  4- 6 || total
-------------------------+-------+-------++-------
Melee: Unarmed           |    72 |    14 ||    86
Invok: Berserk           |       |     1 ||     1
  Use: Scroll            |       |     7 ||     7
       Potion            |       |     1 ||     1
 Stab: Sleeping          |     1 |       ||     1
  Eat: Chunk             |    12 |     3 ||    15
